 Dungeon Crawl Stone Soup version 0.29-a0-732-g3d7fbe0af2 (webtiles) character file.

Game seed: 2444558275105562845

54 HoaS the Shooter (level 3, -4/21 HPs)
             Began as a Gargoyle Hunter on June 29, 2022.
             Slain by Grinder (5 damage)
             ... on level 3 of the Dungeon.
             The game lasted 00:02:45 (2140 turns).

HoaS the Shooter (Gargoyle Hunter)                  Turns: 2140, Time: 00:02:46

Health: -4/21      AC: 10    Str: 14    XL:     3   Next: 91%
Magic:  3/3        EV: 10    Int:  9    God:
Gold:   142        SH:  0    Dex: 15    Spells: 2/2 levels left

rFire   + . .      SeeInvis .   a - +0 shortbow
rCold   . . .      Faith    .   (shield currently unavailable)
rNeg    + . .      Spirit   .   g - +0 ring mail {rF+}
rPois   ∞          Reflect  .   (no helmet)
rElec   +          Harm     .   j - +0 cloak
rCorr   .          Rampage  .   f - +0 pair of gloves
Will    .....                   (no boots)
Stlth   +.........              (no amulet)
HPRegen 0.07/turn               (no ring)
MPRegen 0.08/turn               (no ring)

@: no status effects
A: sickness immunity, AC +3, negative energy resistance 1, electricity
resistance, torment resistance 1, petrification resistance
a: no special abilities


You were on level 3 of the Dungeon.
You visited 1 branch of the dungeon, and saw 3 of its levels.

You collected 142 gold pieces.

Inventory:

Hand Weapons
 a - a +0 shortbow (weapon)
Armour
 e - a +0 scale mail
 f - a +0 pair of gloves (worn)
 g - a +0 ring mail of fire resistance (worn)
 j - a +0 cloak (worn)
Scrolls
 b - a scroll of immolation
Potions
 c - a potion of flight {unknown}
 d - a potion of lignification {unknown}
 h - a potion of might {unknown}
 i - a potion of curing {unknown}


   Skills:
 - Level 2.1 Fighting
 + Level 5.4 Ranged Weapons
 - Level 1.5 Dodging
 - Level 1.1 Stealth


You had 2 spell levels left.
You didn't know any spells.
Your spell library contained the following spells:

 Spells                   Type           Power      Damage    Failure   Level
 Ensorcelled Hibernation  Hex/Ice        0%         N/A       77%         2
 Passwall                 Tmut/Erth      0%         N/A       77%         2
 Swiftness                Air            0%         N/A       94%         3
 Olgreb's Toxic Radiance  Pois           0%         N/A       100%        4
 Summon Ice Beast         Ice/Summ       0%         N/A       100%        4
 Summon Forest            Summ/Tloc      0%         N/A       100%        5
 Summon Mana Viper        Hex/Summ       0%         N/A       100%        5
 Summon Cactus Giant      Summ           0%         N/A       100%        6
 Monstrous Menagerie      Summ           0%         N/A       100%        7
 Ozocubu's Refrigeration  Ice            0%         4d5       100%        7
 Ignition                 Fire           0%         3d3       100%        8


Dungeon Overview and Level Annotations

Branches:
Dungeon (3/15)

Altars:

Annotations:
D:3 Grinder


Innate Abilities, Weirdness & Mutations

You are immune to sickness and miasma.
Your stone body is resilient. (AC +3)
You are immune to poison.
You resist negative energy. (rN+)
You are resistant to electric shocks. (rElec)
You are resistant to unholy torment.
You are immune to petrification.


Message History

Grinder gestures at you. Pain shoots through your body!
You are too injured to fight recklessly!
You are too injured to fight recklessly!
You are too injured to fight recklessly!
Okay, then.
Fire: a) +0 shortbow
Press: ? - help, Q - select action Shift-Dir - straight line, f/p - Grinder
Aim: Grinder, carrying a wand of digging (6) (poison gas, almost dead)
You shoot an arrow.
The arrow hits Grinder but does no damage.
Grinder is almost dead.
Grinder closely misses you.
Fire: a) +0 shortbow
Press: ? - help, Q - select action Shift-Dir - straight line, f/p - Grinder
Aim: Grinder, carrying a wand of digging (6) (poison gas, almost dead)
You shoot an arrow. The arrow hits Grinder.
Grinder is almost dead.
Grinder gestures at you. Pain shoots through your body!
* * * LOW HITPOINT WARNING * * *
Grinder gestures at you. Pain shoots through your body!
* * * LOW HITPOINT WARNING * * *
Fire: a) +0 shortbow
Press: ? - help, Q - select action Shift-Dir - straight line, f/p - Grinder
Aim: Grinder, carrying a wand of digging (6) (poison gas, almost dead)
You shoot an arrow. The arrow completely misses Grinder.
Grinder misses you.
Fire: a) +0 shortbow
Press: ? - help, Q - select action Shift-Dir - straight line, f/p - Grinder
Aim: Grinder, carrying a wand of digging (6) (poison gas, almost dead)
You shoot an arrow. The arrow barely misses Grinder.
Grinder closely misses you.
Fire: a) +0 shortbow
Press: ? - help, Q - select action Shift-Dir - straight line, f/p - Grinder
Aim: Grinder, carrying a wand of digging (6) (poison gas, almost dead)
You shoot an arrow. The arrow barely misses Grinder.
Grinder hits you.
You die...

###......°.#
##.....°.°...°#
..>....°....°+
#########..........°.###
.........#..##....°..°.°
.............#°.°°......
.............#..5°.?..°.
.............#..@.......
.........)...#.°....°.°.
.............#..°...°...
.............°.....°....
............°..########°
...........°#°.#
...<........#°..#
............°...#
#.#.#.#..........


You could see Grinder.

Vanquished Creatures
  Terence (D:2)
  A dart slug (D:1)
  7 endoplasms
  A giant cockroach (D:1)
  6 goblins
  A hobgoblin (D:1)
  5 ball pythons
  3 frilled lizards
  4 rats
29 creatures vanquished.

Vanquished Creatures (others)
  6 plants (D:2)
6 creatures vanquished.

Grand Total: 35 creatures vanquished

Notes
Turn   | Place    | Note
-------+----------+-------------------------------------------
     0 | D:1      | HoaS the Gargoyle Hunter began the quest for the Orb.
     0 | D:1      | Reached XP level 1. HP: 12/12 MP: 1/1
   112 | D:1      | Reached XP level 2. HP: 17/17 MP: 2/2
  1011 | D:2      | Noticed Terence
  1020 | D:2      | Killed Terence
  1021 | D:2      | Reached skill level 5 in Ranged Weapons
  1021 | D:2      | Reached XP level 3. HP: 12/21 MP: 3/3
  1648 | D:2      | You fall into a shaft and drop 1 floor!
  1648 | D:3      | Found a faded altar of an unknown god.
  2122 | D:3      | Noticed Grinder
  2123 | D:3      | Paralysed by Grinder for 3 turns
  2137 | D:3      | HP: 1/21 [Grinder/nerve-wracking pain (2)]
  2140 | D:3      | Slain by Grinder

Illustrated notes

Levels and vault maps discovered:
D:1:      eino_arrival_cavern_a, layout_basic
D:2:      wad_lake_hut, layout_basic, kennysheep_generic_room_11, uniq_terence
D:3:      layout_basic, tso_oasis_becter, chequers_ecumenical_altar_island,
          uniq_sigmund, uniq_robin, uniq_grinder

Skill      XL: |  1  2 |
---------------+-------+-----
Ranged Weapons | 5 |  5.4
Fighting       | |  2.1
Dodging        | |  1.5
Stealth        | |  1.1

Action                   || total
-------------------------++-------
 Fire: Shortbow          ||    84
  Use: Scroll            ||     3
Armor: Ring mail         ||     7
       Leather armour    ||     3
Dodge: Dodged            ||    16

Table legend: (Time is in decaauts)
 A = Elapsed time spent in this place.
 B = Non-inter-level travel time spent in this place.
 C = Inter-level travel time spent in this place.
 D = Time resting spent in this place.
 E = Time spent auto-exploring this place.
 F = Levels seen in this place.
 G = Mean time per level.
                   A        B        C        D        E       F      G
               +--------+--------+--------+--------+--------+-----+--------+
         Total |   2207 |   2134 |     73 |    300 |   1567 |   3 |  735.7 |
       Dungeon |   2207 |   2134 |     73 |    300 |   1567 |   3 |  735.7 |
               +--------+--------+--------+--------+--------+-----+--------+

Top non-repeatable levels by time:
     D:2: 1181 daAuts
     D:1: 955 daAuts
     D:3: 70 daAuts
